 Dungeon Crawl Stone Soup version 0.25-a0-1079-g858b6a6ff6 (webtiles) character file.

Game seed: 3006798853387661388, levelgen mode: deterministic

70 BattleRest the Firebug (level 4, 33/33 HPs)
             Began as a Draconian Fire Elementalist on Mar 20, 2020.
             Quit the game on level 2 of the Dungeon on May 15, 2020.
             The game lasted 00:14:00 (2633 turns).

BattleRest the Firebug (DrFE)                       Turns: 2633, Time: 00:14:01

Health: 33/33      AC:  5    Str: 11    XL:     4   Next: 3%
Magic:  7/7        EV: 12    Int: 16    God:
Gold:   35         SH:  0    Dex: 11    Spells: 4/8 levels left

rFire    . . .     SeeInvis .   h - +2 hunting sling (flame)
rCold    . . .     Gourm    .   (no shield)
rNeg     . . .     Faith    .   (armour unavailable)
rPois    .         Spirit   .   (helmet restricted)
rElec    .         Reflect  .   (no cloak)
rCorr    .         Harm     .   (no gloves)
MR       .....                  (no boots)
Stlth    ++........             (no amulet)
HPRegen  0.11/turn              (no ring)
MPRegen  0.10/turn              (no ring)

@: no status effects
A: unfitting armour, cold-blooded, AC +5
a: no special abilities


You were on level 2 of the Dungeon.
You were not hungry.

You visited 1 branch of the dungeon, and saw 3 of its levels.

You collected 35 gold pieces.

Inventory:

Hand Weapons
 c - a +0 dagger
 h - a +2 hunting sling of flaming (weapon)
Scrolls
 a - a scroll of identify {unknown}
 d - a scroll of teleportation {unknown}
 e - a scroll of magic mapping {unknown}
Potions
 f - 2 potions of curing {unknown}
 g - 2 potions of stabbing {unknown}
Comestibles
 b - a ration


   Skills:
 + Level 0.2 Fighting
 + Level 0.3 Slings
 + Level 2.3 Dodging
 - Level 1.7 Stealth
 + Level 2.6 Spellcasting
 + Level 1.9 Conjurations
 + Level 3.5 Fire Magic


You had 4 spell levels left.
You knew the following spells:

 Your Spells              Type           Power        Failure   Level  Hunger
a - Foxfire               Conj/Fire      ##..         6%          1    #......
b - Conjure Flame         Conj/Fire      ##......     19%         3    ###....

Your spell library contained the following spells:

 Spells                   Type           Power        Failure   Level  Hunger
 Inner Flame              Hex/Fire       #.......     28%         3    ###....
 Sticky Flame             Conj/Fire      ##......     52%         4    #####..
 Fireball                 Conj/Fire      ##........   86%         5    ######.


Dungeon Overview and Level Annotations

Branches:
Dungeon (3/15)

Altars:


Innate Abilities, Weirdness & Mutations

Your plain brown scales are hard. (AC +5)
You cannot fit into any form of body armour.
You are cold-blooded and may be slowed by cold attacks.


Message History

The kobold is severely wounded.
The foxfire hits the kobold.
You kill the kobold!
You see here a stone.
You start resting.
HP restored.
You start resting.
Magic restored.
You now have 35 gold pieces (gained 15).
Okay, then.
Save game and exit?
Welcome back, BattleRest the Draconian Fire Elementalist.
Press ? for a list of commands and other information.
Welcome back, BattleRest the Draconian Fire Elementalist.
Press ? for a list of commands and other information.
Welcome back, BattleRest the Draconian Fire Elementalist.
Press ? for a list of commands and other information.
Are you sure you want to abandon this character and quit the game? (Confirm with "yes".)
Okay, then.
Are you sure you want to abandon this character and quit the game? (Confirm with "yes".)

#..##.#
#.....###....
#...#.# #.....#
#....
#.#.#.###.....#
##.......'.....#
#......###.....#
#......#
#......#
#..†...##
###..@..# ≈
#.....# ≈
#.....# ≈
####.!≈≈ ≈
#..≈≈≈≈ ≈
#..(≈≈≈≈≈ .
#..≈≈(≈.. #
#...(...# #
#.#######


There were no monsters in sight!

Vanquished Creatures
  2 adders (D:2)
  An ooze (D:2)
  A worm (D:2)
  A ball python (D:1)
  3 bats (D:1)
  2 giant cockroaches (D:2)
  4 goblins
  5 hobgoblins
  4 jackals (D:2)
  10 frilled lizards (D:1)
  9 kobolds
  4 rats
46 creatures vanquished.

Vanquished Creatures (others)
  79 foxfires
79 creatures vanquished.

Grand Total: 125 creatures vanquished

Notes
Turn   | Place    | Note
-------+----------+-------------------------------------------
     0 | D:1      | BattleRest the Draconian Fire Elementalist began the quest
                  | for the Orb.
     0 | D:1      | Reached XP level 1. HP: 14/14 MP: 3/3
   219 | D:1      | Reached XP level 2. HP: 11/20 MP: 0/5
  1487 | D:2      | Reached XP level 3. HP: 23/26 MP: 4/6
  1589 | D:2      | Learned a level 3 spell: Conjure Flame
  2551 | D:2      | Reached XP level 4. HP: 33/33 MP: 1/7
  2632 | D:2      | Upgraded the game from 0.25-a0-635-g0c6c292ef3 to
                  | 0.25-a0-1079-g858b6a6ff6
  2633 | D:2      | Quit the game

Illustrated notes

Levels and vault maps discovered:
D:1:      psy_arrival_radial02, layout_basic, st_stairs_13, minmay_lizard_pond
D:2:      wander_river, layout_basic, lemuel_coloured_pillars_altar,
          okawaru_gym_becter, uniq_robin, uniq_jessica
D:3:      layout_basic

Skill      XL: |  1 |
---------------+----+-----
Dodging        | 2 |  2.3
Fighting       | |  0.2
Slings         | |  0.3
Stealth        | |  1.7
Spellcasting   | |  2.6
Conjurations   | |  1.9
Fire Magic     | |  3.5

Action                   |  1- 3 |  4- 6 || total
-------------------------+-------+-------++-------
Melee: Dagger            |    38 |       ||    38
       Tailslap          |     5 |       ||     5
 Fire: Hunting sling     |     9 |       ||     9
 Cast: Foxfire           |    65 |     1 ||    66
       Conjure Flame     |     6 |       ||     6
  Eat: Chunk             |     4 |       ||     4
       Ration            |     1 |       ||     1
Armor: Skin              |    22 |     1 ||    23
Dodge: Dodged            |    44 |     1 ||    45

Table legend:
 A = Non-vault XP
 B = Vault XP
 C = Vault XP percentage of total XP
 D = Non-vault monster count
 E = Vault monster count
 F = Vault count percentage of total count
                 A         B        C        D         E       F
            +---------+---------+-------+---------+---------+-------
      Total |      81 |      19 |  19.0 |      32 |      14 |  30.4
            +---------+---------+-------+---------+---------+-------
        D:1 |      23 |       9 |  28.1 |      17 |       9 |  34.6
        D:2 |      58 |      10 |  14.7 |      15 |       5 |  25.0
            +---------+---------+-------+---------+---------+-------
